 Dungeon Crawl Stone Soup version 0.24-a0-434-gd57e52f (webtiles) character file.

Game seed: 15263599139777813798

1609 ky the Insei (level 8, -2/60 HPs)
             Began as a Grey Draconian Transmuter on June 16, 2019.
             Was a Believer of Hepliaklqana.
             Killed from afar by a wight (6 damage)
             ... with a burst of metal fragments
             ... on level 6 of the Dungeon.
             The game lasted 00:18:46 (7412 turns).

ky the Insei (Grey Draconian Transmuter)            Turns: 7412, Time: 00:18:50

Health: -2/60      AC:  2    Str: 12    XL:     8   Next: 63%
Magic:  8/14       EV: 20    Int: 16    God:    Hepliaklqana [**....]
Gold:   251        SH:  0    Dex: 17    Spells: 5/15 levels left

rFire    . . .     SeeInvis .     - Unarmed
rCold    + . .     Gourm    .   (shield currently unavailable)
rNeg     . . .     Faith    .   (armour unavailable)
rPois    x         Spirit   .   (helmet currently unavailable)
rElec    .         Reflect  .   (cloak currently unavailable)
rCorr    .         Harm     .   (gloves currently unavailable)
MR       .....                  (boots currently unavailable)
Stlth    ++........             (no amulet)
HPRegen  0.20/turn              f - ring of protection from cold
MPRegen  0.14/turn              (no ring)

@: spider-form, lightly drained
A: tiny, (walk through water), unfitting armour, reduced essence, AC +11
a: End Transformation, Recall Ancestor, Ancestor Identity, Renounce Religion


You were on level 6 of the Dungeon.
You worshipped Hepliaklqana.
Hepliaklqana was pleased with you.
You were hungry.
You were a venomous arachnid creature.
You visited 2 branches of the dungeon, and saw 7 of its levels.

You collected 251 gold pieces.

Inventory:

Hand Weapons
 e - a +3 dagger
 m - a +2 dagger of venom
 s - a +4 quarterstaff of chaos
Missiles
 a - 49 arrows
 y - a throwing net (quivered)
Armour
 u - a +0 cloak
Jewellery
 d - an uncursed ring of resist corrosion
 f - a ring of protection from cold (left front leg)
 q - an uncursed ring of fire
Scrolls
 b - 7 scrolls of identify
 r - 3 scrolls of remove curse {unknown}
 t - a scroll of enchant weapon {unknown}
 v - a scroll of random uselessness {unknown}
 w - a scroll of teleportation {unknown}
 x - a scroll of enchant armour {unknown}
Potions
 g - 3 potions of heal wounds {unknown}
 h - a potion of mutation {unknown}
 i - 4 potions of curing
 j - a potion of invisibility {unknown}
 k - a potion of might
 l - a potion of agility {unknown}
 n - 2 potions of cancellation {unknown}
 o - a potion of ambrosia {unknown}
 p - a potion of lignification {unknown}
 z - a potion of magic {unknown}
Comestibles
 c - 7 rations


   Skills:
 + Level 4.7(4.4) Fighting
 - Level 3.1(2.8) Dodging
 * Level 6.8(6.4) Unarmed Combat
 + Level 4.3(4.0) Spellcasting
 + Level 5.5(5.2) Transmutations
 + Level 2.6(2.3) Ice Magic


You had 5 spell levels left.
You knew the following spells:

 Your Spells              Type           Power        Failure   Level  Hunger
a - Beastly Appendage     Tmut           ###...       8%          1    None
b - Sticks to Snakes      Tmut           ###.....     11%         2    ##.....
c - Spider Form           Tmut/Pois      ##........   36%         3    ###....
d - Ice Form              Ice/Tmut       ###.....     56%         4    ####...

Your spell library contained the following spells:

 Spells                   Type           Power        Failure   Level  Hunger
 Blade Hands              Tmut           ###.......   71%         5    ######.


Dungeon Overview and Level Annotations

Branches:
Dungeon (6/15)             Temple (1/1) D:4

Altars:
Ashenzari
Cheibriados
Dithmenos
Elyvilon
Fedhas
Gozag
Hepliaklqana
Makhleb
Okawaru
Qazlal
Sif Muna
Trog
Wu Jian
Zin

Annotations:
D:3 2 transporters


Innate Abilities, Weirdness & Mutations

((You can walk through water.))
((Your dull iron-grey scales are very hard. (AC +11)))
You cannot fit into any form of body armour.
((You can survive without breathing.))
((You are cold-blooded and may be slowed by cold attacks.))
Your life essence is reduced to manifest your ancestor. (-10% HP)


Message History

Your adder closely misses the wight.
The killer bee zombie hits you!
You are too injured to fight recklessly!
You are too injured to fight recklessly!
You are too injured to fight recklessly!
You are too injured to fight recklessly!
You are too injured to fight recklessly!
Unknown command.
You closely miss the wight.
The wight is almost destroyed.
The killer bee zombie misses you.
Your adder misses the wight.
The wight zaps a wand.
The burst of metal fragments hits you!
* * * LOW HITPOINT WARNING * * *
The burst of metal fragments misses you. x3
The burst of metal fragments hits you.
* * * LOW HITPOINT WARNING * * *
The burst of metal fragments hits you.
* * * LOW HITPOINT WARNING * * *
The burst of metal fragments misses you.
The burst of metal fragments hits you.
You die...

........# ..... ....
........# ... #....
.......# ##'####.... #
#.....# #.......... ..
#.....#####..........
...#....................
...'....)...............
..#......(..().....!...
#.RSs......)(........
#..zZ.....(######....
#..........# #....
....######### #....
..###. #.... P #. #....
#. #.... #.... #....


You could see the friendly Khabaw the knight, a wight, a killer bee zombie and a
friendly adder.

Vanquished Creatures
  An orc warrior (D:6)
  An ice beast (D:6)
  2 phantoms
  2 centaurs
  3 bullfrogs
  A howler monkey (D:6)
  A jelly (D:5)
  An orc wizard (D:5)
  Crazy Yiuf (D:2)
  A gnoll shaman (D:5)
  2 orc priests
  5 worker ants
  A worker ant zombie (D:6)
  7 gnolls
  An ooze (D:6)
  A worm (D:2)
  A dart slug (D:1)
  4 leopard geckos
  22 orcs
  9 bats
  4 giant cockroaches
  5 goblins
  5 hobgoblins
  3 jackals
  2 quokkas
  7 frilled lizards
  5 kobolds
  9 rats
  A fungus (D:2)
108 creatures vanquished.

Vanquished Creatures (collateral kills)
  An orc warrior (D:6)
  A phantom (D:5)
  A howler monkey (D:4)
  An orc priest (D:4)
  3 orc wizards
  3 adders
  7 orcs
  4 goblins
  2 jackals (D:5)
  A quokka (D:5)
  A bat (D:2)
  A kobold (D:2)
26 creatures vanquished.

Vanquished Creatures (others)
  An ancestor (D:2)
  A withered plant (D:6)
2 creatures vanquished.

Grand Total: 136 creatures vanquished

Notes
Turn   | Place    | Note
-------+----------+-------------------------------------------
     0 | D:1      | ky the Draconian Transmuter began the quest for the Orb.
     0 | D:1      | Reached XP level 1. HP: 16/16 MP: 3/3
   136 | D:1      | Reached XP level 2. HP: 14/23 MP: 5/5
  1001 | D:2      | Found a hazy altar of Hepliaklqana.
  1008 | D:2      | Became a worshipper of Hepliaklqana the Forgotten
  1043 | D:2      | Reached XP level 3. HP: 4/25 MP: 6/6
  1048 | D:2      | Learned a level 2 spell: Sticks to Snakes
  1052 | D:2      | Learned a level 3 spell: Spider Form
  1353 | D:2      | Found a white marble altar of Elyvilon.
  1394 | D:2      | Reached XP level 4. HP: 12/31 MP: 7/7
  2283 | D:2      | Reached skill level 4 in Unarmed Combat
  2746 | D:3      | Reached XP level 5. HP: 33/36 MP: 8/8
  3297 | D:3      | Found a blossoming altar of Fedhas.
  3505 | D:3      | Found a shadowy altar of Dithmenos.
  3507 | D:3      | Noticed a centaur
  3507 | D:3      | Noticed a sky beast
  3509 | D:3      | Found a transporter.
  3521 | D:3      | Found a transporter.
  3820 | D:4      | Found a bloodstained altar of Trog.
  3836 | D:4      | Reached * piety under Hepliaklqana
  4077 | D:4      | Found a staircase to the Ecumenical Temple.
  4102 | D:4      | Noticed a phantom
  4136 | D:4      | Killed a phantom
  4136 | D:4      | Reached XP level 6. HP: 14/43 MP: 4/9
  4705 | Temple   | Entered the Ecumenical Temple
  4917 | D:2      | Found a runed translucent door.
  4918 | D:2      | Noticed Crazy Yiuf
  4940 | D:2      | Killed Crazy Yiuf
  5130 | D:5      | Entered Level 5 of the Dungeon
  5556 | D:5      | Reached skill level 5 in Unarmed Combat
  5556 | D:5      | Your scales start taking on a dull iron-grey colour.
  5556 | D:5      | Reached XP level 7. HP: 23/51 MP: 7/11
  5556 | D:5      | Gained mutation: You can survive without breathing. [Grey
                  | Draconian growth]
  5891 | D:5      | Learned a level 4 spell: Ice Form
  6166 | D:5      | Reached ** piety under Hepliaklqana
  6167 | D:5      | Remembered your ancestor Khabaw as a knight
  6288 | D:5      | Reached skill level 1 in Ice Magic
  6609 | D:6      | Reached skill level 5 in Transmutations
  6674 | D:6      | Reached XP level 8. HP: 29/59 MP: 9/13
  6685 | D:6      | Reached skill level 6 in Unarmed Combat
  7412 | D:6      | Killed from afar by a wight

Levels and vault maps discovered:
D:1:      dpeg_arrival_tiny_h, layout_loops_ring
D:2:      layout_basic, overflow_temple_1_default, elyvilon_altar_1,
          uniq_crazy_yiuf_cottage
D:3:      layout_loops_cross, overflow_temple_1_default,
          gammafunk_temple_overflow_arena
D:4:      layout_gridville, lemuel_round_altar, temple_doors_e, first_ration
D:5:      layout_loops_ring, grunt_ministairs_5
D:6:      layout_gridville, kiku_gazebo_garden_becter
Temple:   nicolae_temple_figure_zero

Skill      XL: |  1  2  3  4  5  6  7  8 |
---------------+-------------------------+-----
Dodging        | 2 3 |  3.1
Transmutations | 3 4 5 |  5.5
Unarmed Combat | 4 5 6 |  6.8
Fighting       | 2 3 4 |  4.7
Spellcasting   | 3 4 |  4.3
Ice Magic      | 1 2 |  2.6

Action                   |  1- 3 |  4- 6 |  7- 9 || total
-------------------------+-------+-------+-------++-------
Melee: Unarmed           |   104 |   242 |   153 ||   499
       Tailslap          |    10 |    23 |     5 ||    38
       Headbutt          |     3 |       |       ||     3
       Kick              |     3 |       |     6 ||     9
       Punch             |       |     2 |     2 ||     4
 Cast: Beastly Appendage |     7 |       |     2 ||     9
       Spider Form       |       |     7 |     7 ||    14
       Sticks to Snakes  |       |     4 |     2 ||     6
Invok: Ancestor Identity |       |     1 |       ||     1
       Ancestor Life: Kn |       |       |     1 ||     1
  Use: Potion            |     1 |       |     1 ||     2
       Scroll            |       |     1 |       ||     1
 Stab: Distracted        |       |     3 |       ||     3
       Sleeping          |       |     1 |       ||     1
  Eat: Chunk             |     2 |    14 |     6 ||    22
Armor: Skin              |    39 |    48 |    25 ||   112
Dodge: Dodged            |    78 |   155 |   115 ||   348

Table legend:
 A = Non-vault XP
 B = Vault XP
 C = Vault XP percentage of total XP
 D = Non-vault monster count
 E = Vault monster count
 F = Vault count percentage of total count
                 A         B        C        D         E       F
            +---------+---------+-------+---------+---------+-------
      Total |    2216 |      83 |   3.6 |     131 |       2 |   1.5
            +---------+---------+-------+---------+---------+-------
        D:1 |      38 |       0 |   0.0 |      22 |       0 |   0.0
        D:2 |     124 |      41 |  24.8 |      24 |       1 |   4.0
        D:3 |      71 |       0 |   0.0 |      25 |       0 |   0.0
        D:4 |     271 |       0 |   0.0 |      14 |       0 |   0.0
        D:5 |     726 |      42 |   5.5 |      28 |       1 |   3.4
        D:6 |     986 |       0 |   0.0 |      18 |       0 |   0.0
            +---------+---------+-------+---------+---------+-------
